 Dungeon Crawl Stone Soup version 0.29-a0-477-g62b78b4225 (console) character file.

Game seed: 7068500638945976597

33 Faeu the Sneak (level 3, -1/19 HPs)
             Began as a Vampire Enchanter on May 25, 2022.
             Slain by a gnoll
             ... wielding a +0 spear
              (3 damage)
             ... on level 2 of the Dungeon.
             The game lasted 00:05:51 (1141 turns).

Faeu the Sneak (Vampire Enchanter)                  Turns: 1141, Time: 00:05:52

Health: -1/19      AC:  3    Str:  7    XL:     3   Next: 12%
Magic:  6/6        EV: 12    Int: 17    God:
Gold:   29         SH:  0    Dex: 16    Spells: 6/6 levels left

rFire   . . .      SeeInvis +   a - +1 dagger {short}
rCold   . . .      Faith    .   (no shield)
rNeg    . . .      Spirit   .   d - +1 robe {Will+}
rPois   .          Reflect  .   (no helmet)
rElec   .          Harm     .   (no cloak)
rCorr   .          Rampage  .   (no gloves)
Will    +....                   (no boots)
Stlth   +++.......              (no amulet)
HPRegen 0.26/turn               (no ring)
MPRegen 0.10/turn               (no ring)

@: healing quickly
A: alive, fangs 3, see invisible, vampiric 2, [frail 2]
a: Exsanguinate


You were on level 2 of the Dungeon.
You visited 1 branch of the dungeon, and saw 2 of its levels.

You collected 29 gold pieces.


Innate Abilities, Weirdness & Mutations

Your natural rate of healing is accelerated.
You have razor-sharp teeth.
You have supernaturally acute eyesight. (SInv)
You are afflicted with vampirism and can become a bat while bloodless.
[You are very frail. (-20% HP)]


   Skills:
 + Level 2.1 Short Blades
 - Level 2.1 Dodging
 + Level 5.2 Stealth
 - Level 2.0 Spellcasting
 + Level 5.1 Hexes


You had 6 spell levels left.
You didn't know any spells.
Your spell library contained the following spells:

 Spells                   Type           Power      Damage    Failure   Level
 Confusing Touch          Hex            19%        N/A       7%          3
 Tukima's Dance           Hex            19%        N/A       7%          3
 Ensorcelled Hibernation  Hex/Ice        20%        N/A       11%         2
 Dazzling Flash           Conj/Hex       20%        N/A       21%         3

Inventory:

Hand Weapons
 a - a +1 dagger (weapon) {short}
Missiles
 i - 42 stones (quivered) {throwing}
 k - 5 poisoned darts {throwing}
Armour
 b - a +0 robe
 d - a +1 robe of willpower (worn)
   (You found it on level 1 of the Dungeon)
 e - a +0 leather armour
   (You found it on level 1 of the Dungeon)
 f - a +0 robe
   (You found it on level 1 of the Dungeon)
Scrolls
 j - a scroll of amnesia {unknown}
 l - a scroll of teleportation {unknown}
 m - a scroll of fear {unknown}
Potions
 c - 3 potions of invisibility
 g - a potion of brilliance {unknown}
 h - a potion of curing {unknown}

Dungeon Overview and Level Annotations

Branches:
Dungeon (2/15)

Altars:

#.#...#.# .# ## #.. .....
.. ..# .#!......# .# ...#
.. .$... ... .##>.g. ...
....... ....... ...
####.#..#.# ....... ...
#.........######.......
...#####.#.# #.##.....#
.........#.# #.##.....#
...........# #@gg...g!#
.........#.# #.##.....#
...#.###...#####.##.....#
...#.# ###.......########
...#.# ##......# ...#.#
####.### ...#.# #.#
.....# #.# #.####### #.#
........# #.#
....###.######..


You could see 3 gnolls.


Message History

Okay, then.
You don't know any spells.
You don't know any spells.
You don't know any spells.
Okay, then.
You don't know any spells.
You don't know any spells.
A kobold is nearby!
A kobold is nearby!
The helpless kobold fails to defend itself.
You impale the kobold!!
You kill the kobold!
i - 26 stones {throwing} (gained 2)
You see here a +0 dagger {short}.
No target in view!
There is a stone staircase leading down here.
i - 42 stones {throwing} (gained 16)
Things that are here:
a +0 dagger {short}; a kobold corpse
m - a scroll labelled CIQABE YPNUWEQ No target in view!
You see here a +0 hand axe {axe}.
Okay, then.
You don't know any spells.
You don't know any spells.
You don't know any spells.
Okay, then.
Unknown command.
You can't go up here!
Okay, then.
Okay, then.
Okay, then.
Unknown command.
Okay, then.
Partly explored, can't reach some places.
No target in view!
Partly explored, can't reach some places.
No target in view!
Partly explored, can't reach some places.
No target in view!
(D) Dungeon
Where to? (? - help)
You see here a +0 hand axe {axe}.
Things that are here:
a +0 dagger {short}; a kobold skeleton You see here a hobgoblin skeleton.
You open the door.
There is an open door here.
There is a stone staircase leading down here.
You climb downwards.
There is a stone staircase leading up here.
A giant cockroach comes into view.
A giant cockroach is nearby!
The giant cockroach closely misses you.
A giant cockroach is nearby!
You barely miss the giant cockroach. The giant cockroach barely misses you.
A giant cockroach is nearby!
You completely miss the giant cockroach.
The giant cockroach misses you.
A giant cockroach is nearby!
You barely miss the giant cockroach. You bite the giant cockroach.
The giant cockroach bites you. 😕 HP[-1]
You take 1 damage, and now have 18/19 hp.
A giant cockroach is nearby!
You closely miss the giant cockroach.
The giant cockroach bites you but does no damage.
The giant cockroach barely misses you.
A giant cockroach is nearby!
You hit the giant cockroach.
You kill the giant cockroach! 😎 HP[+1]
You now have 29 gold pieces (gained 4).
A bat comes into view.
A bat is nearby!
A bat is nearby!
You hit the bat.
You kill the bat!
A gnoll comes into view. It is wielding a +0 spear.
A gnoll is nearby!
A gnoll comes into view. It is wielding a +0 halberd.
The gnoll shouts!
The gnoll misses you.
The gnoll hits you with a +0 halberd! 😮 HP[-7]
You take 7 damage, and now have 12/19 hp.
MASSIVE DAMAGE!! (PAUSE)
The gnoll shouts!
You hit the gnoll. You bite the gnoll. The gnoll misses you.
A gnoll comes into view. It is wielding a +0 halberd.
You barely miss the gnoll. The gnoll hits you with a +0 halberd!
Ouch! That really hurt!
* * * LOW HITPOINT WARNING * * *
😱 HP[-10]
You take 10 damage, and now have 2/19 hp.
MASSIVE DAMAGE!! (PAUSE)
The gnoll closely misses you.
You begin bloodletting.
You continue bloodletting.
The gnoll hits you from afar with a +0 spear.
Keep bloodletting?
You die...

Skill      XL: |  1  2 |
---------------+-------+-----
Stealth        | 5 |  5.2
Hexes          | 5 |  5.1
Short Blades   | 2 |  2.1
Dodging        | |  2.1
Spellcasting   | |  2.0

Action                   || total
-------------------------++-------
Melee: Dagger            ||    96
       Bite              ||    13
       Punch             ||     1
 Abil: Exsanguinate      ||     3
       Revivify          ||     2
 Stab: Sleeping          ||     7
Armor: Robe              ||    19
Dodge: Dodged            ||    62

Levels and vault maps discovered:
D:1:      ldierk_walled_garden_2, layout_basic
D:2:      layout_loops_cross, dilly_ecumenical_altar_fadedgnrine

Notes
Turn   | Place    | Note
-------+----------+-------------------------------------------
     0 | D:1      | Faeu the Vampire Enchanter began the quest for the Orb.
     0 | D:1      | Reached XP level 1. HP: 13/13 MP: 3/3
     0 | D:1      | magus.rc [v1.9.6]
   147 | D:1      | Reached XP level 2. HP: 17/17 MP: 5/5
   317 | D:1      | Reached skill level 5 in Stealth
   669 | D:1      | Reached skill level 5 in Hexes
   675 | D:1      | Reached skill level 2 in Short Blades
   770 | D:1      | Gained mutation: You are afflicted with vampirism and can
                  | become a bat while bloodless. [Vampire growth]
   770 | D:1      | Reached XP level 3. HP: 18/19 MP: 6/6
  1139 | D:2      | HP: 2/19 [gnoll/+0 halberd (11)]
  1141 | D:2      | Slain by a gnoll

Vanquished Creatures
  A dart slug (D:1)
  3 endoplasms (D:1)
  A giant cockroach (D:2)
  2 goblins (D:1)
  A hobgoblin (D:1)
  3 jackals (D:1)
  5 kobolds (D:1)
  2 ball pythons (D:1)
  7 bats
  A frilled lizard (D:1)
  3 rats (D:1)
29 creatures vanquished.

Vanquished Creatures (others)
  4 toadstools (D:1)
4 creatures vanquished.

Grand Total: 33 creatures vanquished

Table legend:
 A = Non-vault XP
 B = Vault XP
 C = Vault XP percentage of total XP
 D = Non-vault monster count
 E = Vault monster count
 F = Vault count percentage of total count
                 A         B        C        D         E       F
            +---------+---------+-------+---------+---------+-------
      Total |      48 |       0 |   0.0 |      29 |       0 |   0.0
            +---------+---------+-------+---------+---------+-------
        D:1 |      44 |       0 |   0.0 |      27 |       0 |   0.0
        D:2 |       4 |       0 |   0.0 |       2 |       0 |   0.0
            +---------+---------+-------+---------+---------+-------

Illustrated notes

Table legend:
 A = Kills in this place as a percentage of kills in entire the game.
 B = Kills by you in this place as a percentage of kills by you in the entire game.
 C = Kills by friends in this place as a percentage of kills by friends in the entire game.
 D = Other kills in this place as a percentage of other kills in the entire game.
 E = Experience gained in this place as a percentage of experience gained in the entire game.
 F = Experience gained in this place divided by the number of levels of this place that you have seen.
                   A       B       C       D       E      F
               +-------+-------+-------+-------+-------+----------------------
         Total | 100.0 | 100.0 |   N/A |   N/A | 100.0 |  24.0
       Dungeon | 100.0 | 100.0 |   N/A |   N/A | 100.0 |  24.0
               +-------+-------+-------+-------+-------+----------------------

Table legend: (Time is in decaauts)
 A = Elapsed time spent in this place.
 B = Non-inter-level travel time spent in this place.
 C = Inter-level travel time spent in this place.
 D = Time resting spent in this place.
 E = Time spent auto-exploring this place.
 F = Levels seen in this place.
 G = Mean time per level.
                   A        B        C        D        E       F      G
               +--------+--------+--------+--------+--------+-----+--------+
         Total |   1132 |   1068 |     64 |      0 |    692 |   2 |  566.0 |
       Dungeon |   1132 |   1068 |     64 |      0 |    692 |   2 |  566.0 |
               +--------+--------+--------+--------+--------+-----+--------+

Top non-repeatable levels by time:
     D:1: 1044 daAuts
     D:2: 87 daAuts
